 Dungeon Crawl Stone Soup version 0.25-a0-42-g6c54e25894 (webtiles) character file.

Game seed: 15872069217505052617, levelgen mode: deterministic

435 Gumption the Grave Robber (level 7, 0/48 HPs)
             Began as a Human Necromancer on Oct 22, 2019.
             Slain by a black bear (6 damage)
             ... on level 5 of the Dungeon.
             The game lasted 01:00:30 (6427 turns).

Gumption the Grave Robber (Human Necromancer)       Turns: 6427, Time: 01:00:30

Health: 0/48       AC:  5    Str:  8    XL:     7   Next: 21%
Magic:  5/12       EV: 12    Int: 17    God:
Gold:   152        SH:  0    Dex: 14    Spells: 1/13 levels left

rFire    . . .     SeeInvis .   a - +1 trident
rCold    . . .     Gourm    .   (no shield)
rNeg     . . .     Faith    .   b - +0 leather armour
rPois    .         Spirit   .   (no helmet)
rElec    .         Reflect  .   (no cloak)
rCorr    .         Harm     .   r - +1 pair of gloves
MR       .....                  (no boots)
Stlth    ++........             (no amulet)
HPRegen  0.16/turn              (no ring)
MPRegen  0.13/turn              (no ring)

@: no status effects
A: no striking features
a: no special abilities


You were on level 5 of the Dungeon.
You were not hungry.

You visited 1 branch of the dungeon, and saw 5 of its levels.

You collected 152 gold pieces.

Inventory:

Hand Weapons
 a - a +1 trident (weapon)
 t - a +0 hunting sling
Missiles
 c - an atropa-tipped dart (quivered)
 f - 151 stones
 i - 41 sling bullets
 w - 8 poisoned darts
Armour
 b - a +0 leather armour (worn)
 r - a +1 pair of gloves (worn)
Jewellery
 x - a cursed -3 ring of intelligence {unknown}
Wands
 m - a wand of paralysis (9)
Scrolls
 d - a scroll of identify
 q - a scroll of teleportation
Potions
 h - a potion of curing
 l - a potion of flight
 o - a potion of haste
Comestibles
 e - 8 rations


   Skills:
 + Level 1.1 Fighting
 + Level 2.4 Dodging
 - Level 2.0 Stealth
 + Level 3.8 Spellcasting
 + Level 1.2 Charms
 * Level 6.7 Necromancy


You had one spell level left.
You knew the following spells:

 Your Spells              Type           Power        Failure   Level  Hunger
a - Pain                  Necr           ####         1%          1    None
b - Animate Skeleton      Necr           N/A          1%          1    None
c - Vampiric Draining     Necr           ####......   4%          3    ###....
d - Animate Dead          Necr           N/A          16%         4    ####...
z - Regeneration          Chrm/Necr      ###.......   14%         3    ###....

Your spell library contained the following spells:

 Spells                   Type           Power        Failure   Level  Hunger
 Apportation              Tloc           #.....       24%         1    None
 Confusing Touch          Hex            #.....       24%         1    None
 Summon Small Mammal      Summ           #...         24%         1    None


Dungeon Overview and Level Annotations

Branches:
Dungeon (5/15)
 Temple: D:4-7

Altars:

Annotations:
D:3 Grinder, Robin
D:4 Ijyb


Message History

The black bear closely misses you.
Casting: Pain (safe; 1% risk of failure)
Confirm with . or Enter, or press ? or * to list all spells.
Aiming: Pain (safe; 1% risk of failure)
Press: ? - help, Shift-Dir - straight line, f/p - black bear
Aim: a black bear (almost dead, berserk, fast, unusually strong, chance to defeat MR: 84%)
The black bear barely resists.
The black bear bites you but does no damage.
The black bear claws you. The black bear closely misses you.
Casting: Pain (safe; 1% risk of failure)
Confirm with . or Enter, or press ? or * to list all spells.
Aiming: Pain (safe; 1% risk of failure)
Press: ? - help, Shift-Dir - straight line, f/p - black bear
Aim: a black bear (almost dead, berserk, fast, unusually strong, chance to defeat MR: 84%)
The black bear writhes in agony.
The black bear bites you! The black bear misses you.
The black bear barely misses you. The black bear bites you!
* * * LOW HITPOINT WARNING * * *
The black bear claws you.
You die...

,,,,,,,,,,,,,,**#..# **,,,,***
,,,,,,,,,,,,,** #..# ******
,********,,,** ##..* ** *****
#..#* *** #######..#
,,******##.....#..### ########
,,,,,,,,........#...###......####
,,,,,,,,........##...............
,,,,,,,,.......h@#########.......
,,,,,,,,.........<# ##....##
,,,,,,,,........$.#* ##...##
,,,,,,,,........(..# ##......
,,,,,,,,........(..#* ##...."<.
,,,,,,,,...$....(...* #...####.
,,,,,,,,............# #..## #.
,,,,,,,,........(...# #.## ##
,,,,,,,,,,,,,,,,,,,** #.# ##


You could see a black bear (berserk).

Vanquished Creatures
  A howler monkey (D:4)
  A hound (D:4)
  An orc priest (D:4)
  A centaur skeleton (D:4)
  Natasha (D:3)
  An orc wizard (D:4)
  4 worker ants
  6 adders
  An adder skeleton (D:4)
  A worm (D:3)
  A dart slug (D:2)
  5 leopard geckos
  7 orcs (D:4)
  3 ball pythons
  3 giant cockroaches
  10 goblins
  8 hobgoblins
  8 jackals
  3 quokkas
  5 bats
  A frilled lizard (D:2)
  8 kobolds
  A leopard gecko skeleton (D:4)
  8 rats
89 creatures vanquished.

Vanquished Creatures (collateral kills)
  A dart slug (D:1)
  A giant cockroach (D:4)
  A kobold (D:1)
  5 bats
  A frilled lizard (D:3)
  A rat (D:1)
10 creatures vanquished.

Grand Total: 99 creatures vanquished

Notes
Turn   | Place    | Note
-------+----------+-------------------------------------------
     0 | D:1      | Gumption the Human Necromancer began the quest for the Orb.
     0 | D:1      | Reached XP level 1. HP: 13/13 MP: 3/3
     2 | D:1      | Learned a level 1 spell: Animate Skeleton
   445 | D:1      | Reached XP level 2. HP: 17/19 MP: 1/5
  1155 | D:1      | Reached XP level 3. HP: 24/24 MP: 4/6
  1364 | D:1      | Learned a level 3 spell: Vampiric Draining
  1728 | D:2      | Reached XP level 4. HP: 25/30 MP: 2/7
  1800 | D:2      | Reached skill level 5 in Necromancy
  3033 | D:2      | Reached XP level 5. HP: 27/35 MP: 4/9
  3116 | D:2      | Learned a level 3 spell: Regeneration
  3283 | D:3      | Noticed Robin
  3317 | D:3      | Noticed Grinder
  3320 | D:3      | Paralysed by Grinder for 2 turns
  3608 | D:3      | Noticed Natasha
  3615 | D:3      | Killed Natasha
  4292 | D:4      | Reached skill level 6 in Necromancy
  4298 | D:4      | Reached XP level 6. HP: 25/41 MP: 0/11
  4309 | D:4      | Learned a level 4 spell: Animate Dead
  5412 | D:4      | Reached XP level 7. HP: 46/47 MP: 8/12
  5571 | D:4      | Reached skill level 1 in Charms
  5574 | D:4      | Reached skill level 1 in Fighting
  5659 | D:4      | Noticed Ijyb
  6264 | D:5      | Entered Level 5 of the Dungeon
  6427 | D:5      | Slain by a black bear

Levels and vault maps discovered:
D:1:      elethiomel_arrival_shortcut, layout_basic
D:2:      kennysheep_six_static_rooms, layout_basic, first_ration
D:3:      layout_loops_ring, kennysheep_vampire_church, serial_glass,
          glass_columns_a, glass_columns_a, glass_columns_b, glass_columns_a,
          glass_columns_b, glass_columns_b, glass_columns_a, glass_columns_b,
          kennysheep_potato, uniq_grinder, uniq_natasha, uniq_robin
D:4:      minmay_general_purpose_star, layout_layer_cave, uniq_ijyb
D:5:      layout_layer_cave, serial_shops, shop, uniq_duvessa

Skill      XL: |  1  2  3  4  5  6  7 |
---------------+----------------------+-----
Necromancy     | 5 6 |  6.7
Spellcasting   | 3 |  3.8
Charms         | 1 |  1.2
Fighting       | 1 |  1.1
Dodging        | |  2.4
Stealth        | |  2.0

Action                   |  1- 3 |  4- 6 |  7- 9 || total
-------------------------+-------+-------+-------++-------
Melee: Short sword       |    16 |       |       ||    16
       Unarmed           |     1 |       |       ||     1
       Spear             |       |    54 |       ||    54
       Trident           |       |     3 |     8 ||    11
Throw: Stone             |       |     4 |       ||     4
       Dart              |       |     2 |     5 ||     7
 Cast: Pain              |    46 |   115 |    18 ||   179
       Animate Skeleton  |    14 |    26 |     1 ||    41
       Regeneration      |       |       |     1 ||     1
  Use: Potion            |       |     1 |     1 ||     2
       Scroll            |       |       |    12 ||    12
 Stab: Sleeping          |       |     3 |       ||     3
  Eat: Chunk             |     3 |     9 |     1 ||    13
       Ration            |       |     1 |     1 ||     2
Armor: Leather armour    |    12 |    18 |     5 ||    35
Dodge: Dodged            |    36 |    44 |    12 ||    92

Table legend:
 A = Non-vault XP
 B = Vault XP
 C = Vault XP percentage of total XP
 D = Non-vault monster count
 E = Vault monster count
 F = Vault count percentage of total count
                 A         B        C        D         E       F
            +---------+---------+-------+---------+---------+-------
      Total |     536 |      86 |  13.8 |      88 |      11 |  11.1
            +---------+---------+-------+---------+---------+-------
        D:1 |      35 |       0 |   0.0 |      19 |       0 |   0.0
        D:2 |      84 |      20 |  19.2 |      25 |       6 |  19.4
        D:3 |      39 |      53 |  57.6 |      20 |       4 |  16.7
        D:4 |     378 |      13 |   3.3 |      24 |       1 |   4.0
            +---------+---------+-------+---------+---------+-------
